 Dungeon Crawl Stone Soup version 0.31-a0-240-gb923e448b6 (webtiles) character file.

Game seed: 5431095703167097492

473 qw the Shooter (level 7, -9/43 HPs)
             Began as a Gargoyle Hexslinger on July 11, 2023.
             Mangled by a cyclops (22 damage)
             ... on level 5 of the Dungeon.
             The game lasted 00:01:29 (3977 turns).

qw the Shooter (Gargoyle Hexslinger)                Turns: 3977, Time: 00:01:30

Health: -9/43      AC: 12    Str: 12    XL:     7   Next: 10%
Magic:  0/8        EV: 16    Int: 13    God:
Gold:   127        SH:  0    Dex: 20    Spells: 7/8 levels left

rFire   . . .        Y - +0 shortbow
rCold   . . .        (shield currently unavailable)
rNeg    + . .        c - +0 ring mail
rPois   inf          (no helmet)
rElec   +            (no cloak)
rCorr   .            i - +0 pair of gloves
SInv    .            h - +0 pair of boots
Will    .....        a - amulet of guardian spirit
Stlth   +            k - +5 ring of evasion
HPRegen 0.27/turn    l - +6 ring of dexterity
MPRegen 0.11/turn

%: guardian spirit
@: no status effects
A: sickness immunity, AC +4, negative energy resistance 1, electricity
resistance, torment resistance 1, petrification resistance
a: no special abilities


You were on level 5 of the Dungeon.
You visited 1 branch of the dungeon, and saw 6 of its levels.

You collected 243 gold pieces.
You spent 116 gold pieces at shops.


Innate Abilities, Weirdness & Mutations

You are immune to sickness and miasma.
Your stone body is resilient. (AC +4)
You are immune to poison.
You resist negative energy. (rN+)
You are resistant to electric shocks. (rElec)
You are resistant to unholy torment.
You are immune to petrification.


   Skills:
 - Level 4.3 Fighting
 + Level 6.1 Ranged Weapons
 - Level 1.4 Armour
 - Level 1.5 Dodging
 - Level 1.0 Spellcasting
 - Level 2.6 Hexes


You had 7 spell levels left.
You knew the following spells:

 Your Spells              Type           Power      Damage    Failure   Level
a - Slow                  Hex            28%        N/A       21%         1

Your spell library contained the following spells:

 Spells                   Type           Power      Damage    Failure   Level
 Inner Flame              Hex/Fire       4%         N/A       71%         3
 Portal Projectile        Hex/Tloc       8%         N/A       71%         3
 Cause Fear               Hex            3%         N/A       90%         4

Inventory:

Hand Weapons
 Y - a +0 shortbow (weapon)
Armour
 c - a +0 ring mail (worn)
 h - a +0 pair of boots (worn)
 i - a +0 pair of gloves (worn)
Jewellery
 a - an amulet of guardian spirit (around neck)
 k - a +5 ring of evasion (left hand)
 l - a +6 ring of dexterity (right hand)
Scrolls
 b - a scroll of identify
 m - 2 scrolls of teleportation
Potions
 d - 2 potions of curing
 e - a potion of cancellation
 f - a potion of attraction {unknown}
 j - a potion of degeneration {unknown}

Dungeon Overview and Level Annotations

Branches:
Dungeon (6/15)
 Temple: D:4-7

Altars:
Yredelemnul

Shops:
D:5 ([


Message History

HP restored.
Done exploring.
(D) Dungeon
Where to? (* - list waypoints, Enter - D:6, ? - help)
What level of the Dungeon? (default 1, ? - help)
You climb downwards.
There is a stone staircase leading up here.
A cyclops is nearby!
You shoot an arrow.
The arrow hits the cyclops but does no damage.
You shoot an arrow. The arrow hits the cyclops.
The cyclops is lightly wounded.
You shoot an arrow. The arrow hits the cyclops.
The cyclops is lightly wounded.
The cyclops hits you.
You shoot an arrow. The arrow hits the cyclops.
The cyclops is lightly wounded.
The cyclops misses you.
You shoot an arrow. The arrow hits the cyclops.
The cyclops is lightly wounded.
The cyclops hits you!
3972 ||| STAIRDANCE The cyclops hits you but does no damage.
You climb upwards.
There is a stone staircase leading down here.
You shoot an arrow. The arrow hits the cyclops.
The cyclops is moderately wounded.
You shoot an arrow.
The arrow hits the cyclops but does no damage.
The cyclops is moderately wounded.
The cyclops hits you!!
Ouch! That really hurt!
You shoot an arrow. The arrow hits the cyclops.
The cyclops is moderately wounded.
The cyclops closely misses you.
You shoot an arrow. The arrow hits the cyclops.
The cyclops is heavily wounded.
The cyclops hits you!!
Ouch! That really hurt!
You die...

##### #...# #...#
##########...####
####@..............#
#....C...####...##.##
#.......)#########..#
#....................
#........####......#.
#........#.........##
#.(......#.........##
#........#####....<..
#........# ###.#...


You could see a cyclops.

Vanquished Creatures
  An ice beast (D:5)
  An ogre (D:5)
  2 scorpions (D:5)
  A hound (D:5)
  2 iguanas (D:4)
  A gnoll (D:1)
  3 worms
  2 dart slugs
  5 orcs
  8 bats
  5 endoplasms
  2 giant cockroaches
  6 goblins
  5 hobgoblins
  4 jackals (D:2)
  A quokka (D:4)
  13 ball pythons
  4 frilled lizards
  8 kobolds
  11 rats
85 creatures vanquished.

Notes
Turn   | Place    | Note
-------+----------+-------------------------------------------
     0 | D:1      | qw the Gargoyle Hexslinger began the quest for the Orb.
     0 | D:1      | Reached XP level 1. HP: 12/12 MP: 2/2
     0 | D:1      | 0 ||| qw: Version: 0.3-a-52-g30416fa
     0 | D:1      | 0 ||| qw: Game counter: 6052
     0 | D:1      | 0 ||| qw: Melee chars always use a shield: true
     0 | D:1      | 0 ||| qw: God list: Okawaru
     0 | D:1      | 0 ||| qw: Allow faded altars: false
     0 | D:1      | 0 ||| qw: Do Orc after clearing Dungeon:15 true
     0 | D:1      | 0 ||| qw: Do second Lair branch before Depths: true
     0 | D:1      | 0 ||| qw: Lair rune preference: random
     0 | D:1      | 0 ||| qw: Goals: Normal
     0 | D:1      | 0 ||| PLANNING D:1-11
   106 | D:1      | Reached XP level 2. HP: 16/16 MP: 3/3
   161 | D:1      | Reached skill level 3 in Ranged Weapons
   259 | D:1      | Reached XP level 3. HP: 20/21 MP: 4/4
   445 | D:1      | 445 ||| READING 2 scrolls labelled XINEULIUMM.
   446 | D:1      | 446 ||| READING scroll labelled LIUG IMUVOMO.
   447 | D:1      | 447 ||| DROPPING scroll of vulnerability.
   448 | D:1      | 448 ||| DROPPING scroll of poison.
   861 | D:2      | Reached XP level 4. HP: 26/26 MP: 5/5
  1245 | D:2      | Reached skill level 4 in Ranged Weapons
  1308 | D:2      | 1308 ||| READING 2 scrolls labelled JAPNELU FOARCH.
  1309 | D:2      | 1309 ||| DRINKING 2 fizzy golden potions.
  1310 | D:2      | 1310 ||| DROPPING scroll of immolation.
  1959 | D:3      | 1959 ||| UPGRADING to +0 leather armour.
  1969 | D:3      | 1969 ||| DROPPING +0 robe.
  1970 | D:3      | 1970 ||| UPGRADING to amulet of guardian spirit.
  1975 | D:3      | 1975 ||| UPGRADING to +5 ring of evasion.
  1976 | D:3      | 1976 ||| READING scroll labelled BOFE DIAWUYST.
  1977 | D:3      | 1977 ||| READING 2 scrolls labelled YCELESM BILY.
  1980 | D:3      | 1980 ||| DRINKING 3 amethyst potions.
  2019 | D:3      | 2019 ||| READING 2 scrolls of identify.
  2019 | D:3      | 2019 ||| IDENTIFYING sapphire potion
  2020 | D:3      | 2020 ||| DROPPING 2 potions of lignification.
  2025 | D:3      | 2025 ||| STAIRDANCE
  2029 | D:3      | 2029 ||| STAIRDANCE
  2033 | D:3      | 2033 ||| STAIRDANCE
  2037 | D:3      | 2037 ||| STAIRDANCE
  2041 | D:3      | 2041 ||| STAIRDANCE
  2045 | D:3      | 2045 ||| STAIRDANCE
  2049 | D:3      | 2049 ||| STAIRDANCE
  2053 | D:3      | 2053 ||| STAIRDANCE
  2057 | D:3      | 2057 ||| STAIRDANCE
  2061 | D:3      | 2061 ||| STAIRDANCE
  2065 | D:3      | 2065 ||| STAIRDANCE
  2069 | D:3      | 2069 ||| STAIRDANCE
  2073 | D:3      | 2073 ||| STAIRDANCE
  2077 | D:3      | 2077 ||| STAIRDANCE
  2081 | D:3      | 2081 ||| STAIRDANCE
  2085 | D:3      | 2085 ||| STAIRDANCE
  2089 | D:3      | 2089 ||| STAIRDANCE
  2093 | D:3      | 2093 ||| STAIRDANCE
  2097 | D:3      | 2097 ||| STAIRDANCE
  2101 | D:3      | 2101 ||| STAIRDANCE
  2174 | D:3      | You fall into a shaft and drop 2 floors!
  2174 | D:5      | Entered Level 5 of the Dungeon
  2313 | D:4      | 2313 ||| SWAPPING to +0 shortbow.
  2318 | D:4      | Reached XP level 5. HP: 28/30 MP: 6/6
  2325 | D:4      | 2325 ||| DROPPING +1 sling.
  2401 | D:4      | 2401 ||| UPGRADING to +0 ring mail.
  2411 | D:4      | 2411 ||| DROPPING +0 leather armour.
  2412 | D:4      | 2412 ||| UPGRADING to +6 ring of dexterity.
  2413 | D:4      | 2413 ||| READING scroll labelled ODO ITORUMOG.
  2434 | D:4      | Reached skill level 1 in Armour
  3139 | D:4      | Reached skill level 5 in Ranged Weapons
  3186 | D:4      | 3186 ||| DROPPING ring of ice.
  3187 | D:4      | 3187 ||| READING 3 scrolls of identify.
  3187 | D:4      | 3187 ||| IDENTIFYING inky potion
  3188 | D:4      | 3188 ||| READING 2 scrolls of identify.
  3188 | D:4      | 3188 ||| IDENTIFYING fuming golden potion
  3189 | D:4      | 3189 ||| DROPPING potion of invisibility.
  3281 | D:5      | Reached skill level 3 in Fighting
  3281 | D:5      | Reached XP level 6. HP: 37/37 MP: 7/7
  3306 | D:5      | Reached skill level 6 in Ranged Weapons
  3394 | D:5      | Found a basalt altar of Yredelemnul.
  3428 | D:5      | Noticed an ice beast
  3455 | D:5      | Killed an ice beast
  3456 | D:5      | Reached XP level 7. HP: 14/43 MP: 2/8
  3458 | D:5      | HP: 9/43 [orc/+1 flail of protection (6)]
  3459 | D:5      | 3459 ||| READING scroll of teleportation.
  3460 | D:5      | 3460 ||| DRINKING potion of heal wounds.
  3524 | D:5      | Found Deuss's Armour Shoppe.
  3529 | D:5      | 3529 ||| BUYING +0 pair of boots (58 gold).
  3529 | D:5      | Bought a +0 pair of boots for 58 gold pieces
  3529 | D:5      | 3529 ||| BUYING +0 pair of gloves (58 gold).
  3529 | D:5      | Bought a +0 pair of gloves for 58 gold pieces
  3529 | D:5      | 3529 ||| SHOPLISTING +1 leather armour of poison resistance
                  | (143 gold, have 127).
  3529 | D:5      | 3529 ||| SHOPLISTING +5 ring mail "Jygh" {rF+} (559 gold,
                  | have 127).
  3531 | D:5      | Noticed a +0 lajatang
  3536 | D:5      | Found Werothrat's Weapon Emporium.
  3539 | D:5      | Noticed a +0 triple crossbow
  3816 | D:5      | 3816 ||| UPGRADING to +0 pair of boots.
  3821 | D:5      | 3821 ||| UPGRADING to +0 pair of gloves.
  3826 | D:5      | 3826 ||| READING scroll labelled HAECOA GEDDA.
  3848 | D:6      | Noticed a cyclops
  3851 | D:6      | 3851 ||| STAIRDANCE
  3916 | D:6      | 3916 ||| STAIRDANCE
  3972 | D:6      | 3972 ||| STAIRDANCE
  3977 | D:5      | Mangled by a cyclops

Levels and vault maps discovered:
D:1:      minmay_arrival_semitransparent, layout_basic
D:2:      layout_loops_corners
D:3:      layout_basic, hangedman_decor_points
D:4:      minmay_door_path, layout_basic
D:5:      layout_basic, yredelemnul_altar_generic, serial_shops,
          nicolae_shop_mannequins, nicolae_shop_pleasant_corner_grove
D:6:      layout_basic, bh_walls_and_bars, uniq_sigmund

Skill      XL: |  1  2  3  4  5  6 |
---------------+-------------------+-----
Ranged Weapons | 3 4 5 6 |  6.1
Fighting       | 2 3 4 |  4.3
Armour         | 1 |  1.4
Dodging        | |  1.5
Spellcasting   | |  1.0
Hexes          | |  2.6

Action                     |  1- 3 |  4- 6 |  7- 9 || total
---------------------------+-------+-------+-------++-------
   Fire: Sling             |    95 |    54 |       ||   149
         Shortbow          |       |   107 |    16 ||   123
    Use: Scroll            |     2 |     7 |     2 ||    11
         Potion            |       |     2 |     1 ||     3
 Armour: Robe              |    14 |     5 |       ||    19
         Leather armour    |       |     2 |       ||     2
         Ring mail         |       |    20 |     1 ||    21
  Dodge: Dodged            |    38 |    66 |     6 ||   110

Table legend:
 A = Non-vault XP
 B = Vault XP
 C = Vault XP percentage of total XP
 D = Non-vault monster count
 E = Vault monster count
 F = Vault count percentage of total count
                 A         B        C        D         E       F
            +---------+---------+-------+---------+---------+-------
      Total |     640 |      37 |   5.5 |      83 |       2 |   2.4
            +---------+---------+-------+---------+---------+-------
        D:1 |      58 |       0 |   0.0 |      27 |       0 |   0.0
        D:2 |      39 |       0 |   0.0 |      23 |       0 |   0.0
        D:3 |      23 |       0 |   0.0 |      14 |       0 |   0.0
        D:4 |      61 |      37 |  37.8 |      11 |       2 |  15.4
        D:5 |     459 |       0 |   0.0 |       8 |       0 |   0.0
            +---------+---------+-------+---------+---------+-------
